 Dungeon Crawl Stone Soup version 0.31-a0-702-gf82c85558f (webtiles) character file.

Game seed: 9052864086273795002

188 qw the Shooter (level 5, -4/33 HPs)
             Began as a Gargoyle Hunter on Sept 7, 2023.
             Was an Initiate of Okawaru.
             Killed from afar by an orc wizard (7 damage)
             ... with a magic dart
             ... on level 4 of the Dungeon.
             The game lasted 00:01:00 (2550 turns).

qw the Shooter (Gargoyle Hunter)                    Turns: 2550, Time: 00:01:00

Health: -4/33      AC:  9    Str: 14    XL:     5   Next: 67%
Magic:  5/5        EV: 10    Int: 10    God:    Okawaru [......]
Gold:   112        SH:  0    Dex: 15    Spells: 4/4 levels left

rFire   . . .        Y - +1 shortbow
rCold   . . .        (shield currently unavailable)
rNeg    + . .        h - +0 ring mail
rPois   inf          (no helmet)
rElec   +            (no cloak)
rCorr   .            (no gloves)
SInv    .            (no boots)
Will    .....        (no amulet)
Stlth   +            (no ring)
HPRegen 0.25/turn    (no ring)
MPRegen 0.09/turn

%: no passive effects
@: no status effects
A: sickness immunity, AC +4, negative energy resistance 1, electricity
resistance, torment resistance 1, petrification resistance
a: Renounce Religion


You were on level 4 of the Dungeon.
You worshipped Okawaru.
Okawaru was noncommittal.
You visited 1 branch of the dungeon, and saw 4 of its levels.

You collected 112 gold pieces.


Innate Abilities, Weirdness & Mutations

You are immune to sickness and miasma.
Your stone body is resilient. (AC +4)
You are immune to poison.
You resist negative energy. (rN+)
You are resistant to electric shocks. (rElec)
You are resistant to unholy torment.
You are immune to petrification.


   Skills:
 + Level 3.7 Fighting
 - Level 6.0 Ranged Weapons
 - Level 1.1 Armour
 - Level 1.5 Dodging
 - Level 1.1 Stealth


You had 4 spell levels left.
You didn't know any spells.
Your spell library was empty.

Inventory:

Hand Weapons
 Y - a +1 shortbow (weapon)
Armour
 h - a +0 ring mail (worn)
Scrolls
 i - 2 scrolls of poison {unknown}
 j - a scroll of vulnerability {unknown}
Potions
 b - a potion of berserk rage {unknown}
 c - a potion of attraction {unknown}
 d - a potion of haste {unknown}
 e - a potion of degeneration {unknown}
 f - a potion of mutation {unknown}
 g - a potion of might {unknown}

Dungeon Overview and Level Annotations

Branches:
Dungeon (4/15)             Temple (0/1) D:4

Altars:
Okawaru
Qazlal
Sif Muna

Shops:
D:1 :


Message History

The orc wizard points at you and mumbles some strange words.
You are confused.
The orc wizard misses you.
The orc wizard hits you but does no damage.
Your surroundings suddenly seem different.
A kobold and 2 orcs come into view.
The kobold shouts!
The orc shouts! x2; You hear a shout!
The kobold hits you with a +0 dagger.
An orc wizard comes into view. It is wielding a +0 dagger.
The orc moves out of view.
The orc wizard shouts!
The kobold closely misses you.
The orc wizard mumbles some strange words.
The orc wizard flickers and vanishes!
Deactivating autopickup; reactivate with Ctrl-A.
The kobold hits you but does no damage.
You feel less confused.
A kobold comes into view.
It is wielding a +0 short sword of protection.
The kobold barely misses you.
You shoot an arrow. The arrow closely misses the kobold.
The kobold closely misses you. The kobold barely misses you.
You shoot an arrow. The arrow closely misses the kobold.
The kobold hits you but does no damage. Something hits you but does no damage.
The orc hits you with a +0 dagger.
You shoot an arrow.
The arrow hits the kobold but does no damage.
The kobold hits you but does no damage. The orc barely misses you.
You shoot an arrow. The arrow hits the kobold.
You kill the kobold!
Okawaru accepts your kill. Something hits you but does no damage.
The orc hits you with a +0 dagger. The orc hits you but does no damage.
You shoot an arrow. The arrow hits the kobold.
You kill the kobold!
Okawaru accepts your kill. The orc hits you but does no damage.
The orc barely misses you.
You hear some strange, mumbled words.
A magic dart appears from out of thin air!
The magic dart hits you!
You die...

......
.....
.... ...
######..
#......#
#...oo)#
#....@{#
#......#
#......#
#......#
#......#
#......#
#......#
#......#


You could see 2 orcs.

Vanquished Creatures
  2 orc wizards
  5 adders (D:2)
  4 dart slugs
  8 orcs
  12 ball pythons
  8 bats
  4 endoplasms
  3 giant cockroaches
  7 hobgoblins
  2 jackals (D:3)
  2 quokkas (D:1)
  4 frilled lizards
  5 goblins
  4 kobolds
  6 rats
76 creatures vanquished.

Notes
Turn   | Place    | Note
-------+----------+-------------------------------------------
     0 | D:1      | qw the Gargoyle Hunter began the quest for the Orb.
     0 | D:1      | Reached XP level 1. HP: 12/12 MP: 1/1
     0 | D:1      | 0 ||| qw: Version: 0.3-a-76-g4403597
     0 | D:1      | 0 ||| qw: Game counter: 798
     0 | D:1      | 0 ||| qw: Melee chars always use a shield: true
     0 | D:1      | 0 ||| qw: God list: Okawaru
     0 | D:1      | 0 ||| qw: Allow faded altars: false
     0 | D:1      | 0 ||| qw: Do Orc after clearing Dungeon:15 true
     0 | D:1      | 0 ||| qw: Do second Lair branch before Depths: true
     0 | D:1      | 0 ||| qw: Lair rune preference: random
     0 | D:1      | 0 ||| qw: Goals: Normal
     0 | D:1      | 0 ||| PLANNING D:1-11
   224 | D:1      | Reached XP level 2. HP: 14/17 MP: 2/2
   502 | D:1      | Found Gofuyw's Book Boutique.
   560 | D:1      | Reached XP level 3. HP: 21/21 MP: 3/3
   573 | D:1      | Reached skill level 5 in Ranged Weapons
   763 | D:1      | Found a stormy altar of Qazlal.
   766 | D:1      | 766 ||| UPGRADING to +0 ring mail.
   776 | D:1      | 776 ||| DROPPING +0 leather armour.
   777 | D:1      | 777 ||| READING scroll labelled XAOGRI ZUNY.
   778 | D:1      | 778 ||| DROPPING scroll of butterflies.
   864 | D:2      | Reached skill level 1 in Armour
  1082 | D:2      | Reached XP level 4. HP: 27/27 MP: 4/4
  1105 | D:2      | Reached skill level 3 in Fighting
  1509 | D:2      | 1509 ||| READING scroll labelled WOIKHONTUS.
  1510 | D:2      | 1510 ||| READING scroll labelled ZISAAWN YRRIMA.
  1650 | D:3      | 1650 ||| RETREATING.
  1663 | D:3      | Reached XP level 5. HP: 28/32 MP: 5/5
  1782 | D:3      | Found a shimmering blue altar of Sif Muna.
  1882 | D:3      | Reached skill level 6 in Ranged Weapons
  1896 | D:3      | Found an iron altar of Okawaru.
  1897 | D:3      | 1897 ||| PLANNING OKAWARU WORSHIP
  1935 | D:3      | 1935 ||| READING 2 scrolls labelled ASCHYC ZUMP.
  1939 | D:3      | 1939 ||| READING scroll labelled GAPLOSTURA.
  1940 | D:3      | 1940 ||| READING scroll labelled TISUDW VOFRU ZEG.
  1941 | D:3      | 1941 ||| DRINKING 2 pink potions.
  1942 | D:3      | 1942 ||| DROPPING potion of magic.
  2059 | D:3      | Became a worshipper of Warmaster Okawaru
  2060 | D:3      | 2060 ||| PLANNING D:1-11
  2388 | D:4      | Found a staircase to the Ecumenical Temple.
  2538 | D:4      | HP: 8/32 [orc wizard/magic dart (4)]
  2539 | D:4      | 2539 ||| READING scroll of teleportation.
  2547 | D:4      | HP: 3/33 [orc/+0 dagger (4)]
  2550 | D:4      | Killed from afar by an orc wizard

Levels and vault maps discovered:
D:1:      dpeg_arrival_lava_altar, layout_loops_ring, serial_shops, shop,
          minmay_curled_crystal, st_stairs_9
D:2:      minmay_chambers_of_ones, layout_basic, minmay_strange_pillars
D:3:      layout_basic, overflow_temple_1_default, mainiacjoe_overflow_catwalk
D:4:      layout_gridville, temple_statues, moated_statue, dk_noncrumbling_2

Skill      XL: |  1  2  3  4  5 |
---------------+----------------+-----
Ranged Weapons | 5 6 |  6.0
Armour         | 1 |  1.1
Fighting       | 3 |  3.7
Dodging        | |  1.5
Stealth        | |  1.1

Action                     |  1- 3 |  4- 6 || total
---------------------------+-------+-------++-------
   Fire: Shortbow          |   101 |   138 ||   239
    Use: Scroll            |     1 |     6 ||     7
         Potion            |       |     1 ||     1
 Armour: Leather armour    |    15 |       ||    15
         Ring mail         |    21 |    80 ||   101
  Dodge: Dodged            |    25 |    41 ||    66

Table legend:
 A = Non-vault XP
 B = Vault XP
 C = Vault XP percentage of total XP
 D = Non-vault monster count
 E = Vault monster count
 F = Vault count percentage of total count
                 A         B        C        D         E       F
            +---------+---------+-------+---------+---------+-------
      Total |     257 |      14 |   5.2 |      68 |       8 |  10.5
            +---------+---------+-------+---------+---------+-------
        D:1 |      36 |       5 |  12.2 |      21 |       3 |  12.5
        D:2 |      98 |       9 |   8.4 |      22 |       5 |  18.5
        D:3 |      68 |       0 |   0.0 |      16 |       0 |   0.0
        D:4 |      55 |       0 |   0.0 |       9 |       0 |   0.0
            +---------+---------+-------+---------+---------+-------
